 Dungeon Crawl Stone Soup version 0.31.0-32-g396128a36d (webtiles) character file.

Game seed: 7011669293200891861

4141 nroviw the Cleaver (level 10, -15/139 HPs)
             Began as a Minotaur Berserker on Apr 11, 2024.
             Was a High Priest of Trog.
             Killed from afar by a lightning spire (19 damage)
             ... with a bolt of electricity
             ... summoned by fasolt's ghost
             ... on level 9 of the Dungeon.
             The game lasted 00:09:22 (9204 turns).

nroviw the Cleaver (Minotaur Berserker)             Turns: 9204, Time: 00:09:22

Health: -15/139    AC: 11    Str: 26    XL:     10   Next: 7%
Magic:  9/9        EV:  7    Int: 14    God:    Trog [*****.]
Gold:   460        SH:  5    Dex: 10    Spells: 9/9 levels left

rFire   . . .        I - +4 war axe of Calamity {drain, rC+ Will+++ Int+4}
rCold   + . .        (no shield)
rNeg    . . .        l - +0 plate armour
rPois   .            (helmet restricted)
rElec   .            (no cloak)
rCorr   .            (no gloves)
SInv    +            (no boots)
Will    +++..        w - amulet of reflection Stlth
                     f - ring of see invisible
HPRegen 0.43/turn    k - +6 ring of intelligence
MPRegen 0.11/turn

%: reflection
@: berserking, very quick
A: horns 2, retaliatory headbutt
a: Renounce Religion, Berserk, Trog's Hand, Brothers in Arms


You were on level 9 of the Dungeon.
You worshipped Trog.
Trog was extremely pleased with you.
You visited 1 branch of the dungeon, and saw 9 of its levels.

You collected 460 gold pieces.

Inventory:

Hand Weapons
 p - a +0 flail of draining
 I - the +4 war axe of Calamity (weapon) {drain, rC+ Will+++ Int+4}
   (You found it on level 9 of the Dungeon)

   Int+4:     It affects your intelligence (+4).
   rC+:       It protects you from cold.
   Will+++:   It greatly increases your willpower.
Missiles
 e - 77 stones (quivered)
 o - 28 poisoned darts
 x - 3 boomerangs
 M - a curare-tipped dart
Armour
 l - a +0 plate armour (worn)
Jewellery
 f - a ring of see invisible (left hand)
 k - a +6 ring of intelligence (right hand)
 s - a ring of fire
 w - an amulet of reflection (around neck)
 J - a ring of flight
 K - a ring of positive energy
 N - a ring of ice
Wands
 b - a wand of paralysis (4)
 t - a wand of mindburst (15)
 O - a wand of polymorph (3)
Scrolls
 c - 5 scrolls of teleportation {unknown}
 d - 2 scrolls of noise {unknown}
 h - a scroll of enchant armour {unknown}
 i - 2 scrolls of vulnerability {unknown}
 j - 9 scrolls of identify {unknown}
 m - a scroll of immolation {unknown}
 n - 2 scrolls of blinking {unknown}
 u - 3 scrolls of enchant weapon {unknown}
 y - a scroll of brand weapon {unknown}
 A - 2 scrolls of amnesia {unknown}
 B - 2 scrolls of fear {unknown}
 C - a scroll of fog {unknown}
 F - a scroll of poison {unknown}
 P - a scroll of summoning {unknown}
Potions
 a - a potion of heal wounds {unknown}
 g - 2 potions of haste {unknown}
 q - 2 potions of enlightenment {unknown}
 r - 2 potions of might {unknown}
 v - a potion of attraction {unknown}
 z - a potion of lignification {unknown}
 D - 2 potions of ambrosia {unknown}
 E - 2 potions of curing {unknown}
 G - a potion of mutation {unknown}
 H - 2 potions of degeneration {unknown}
 L - a potion of brilliance {unknown}


   Skills:
 + Level 9.9 Fighting
 * Level 13.3 Axes
 + Level 2.6 Armour
 - Level 3.0 Dodging
 - Level 5.0 Evocations


You had 9 spell levels left.
You didn't know any spells.
Your spell library was empty.

Dungeon Overview and Level Annotations

Branches:
Dungeon (9/15)             Temple (0/1) D:7            Lair (0/5) D:8
    Orc: D:9-12

Altars:
Ashenzari
Cheibriados
Dithmenos
Gozag
Hepliaklqana
Kikubaaqudgha
Makhleb
Nemelex Xobeh
Okawaru
Qazlal
Sif Muna
Uskayaw
Vehumet
Wu Jian
Zin
The Shining One

Shops:
D:3 *

Annotations:
D:2 1 runed translucent door, Crazy Yiuf
D:6 2 transporters, Klask's ghost, novice MiBe
D:9 fasolt's ghost, novice FeSu


Innate Abilities, Weirdness & Mutations

You have a pair of horns on your head.
You reflexively headbutt those who attack you in melee.


Message History

No reachable target in view!
No reachable target in view!
No reachable target in view!
No reachable target in view!
No reachable target in view!
You open the door. You miss fasolt's ghost.
Your headbutt misses fasolt's ghost.
Fasolt's ghost casts a spell.
An electric hum fills the air.
You slice fasolt's ghost!!
Fasolt's ghost is heavily damaged.
You slash fasolt's ghost! Your headbutt misses fasolt's ghost.
Fasolt's ghost is severely damaged.
Fasolt's ghost mumbles some strange words.
The lightning spire shoots out a bolt of lightning at you!
The bolt of electricity misses you. The bolt of electricity hits you!
You completely miss fasolt's ghost. Your headbutt misses fasolt's ghost.
Fasolt's ghost is severely damaged.
Fasolt's ghost hits you!
You barely miss fasolt's ghost. Your headbutt misses fasolt's ghost.
Fasolt's ghost is severely damaged.
The cerulean imp barely misses you. Fasolt's ghost hits you.
The lightning spire shoots out a bolt of lightning at you!
The bolt of electricity hits you!! x2
* * * LOW HITPOINT WARNING * * *
You are too injured to fight recklessly!
You are too injured to fight recklessly!
You are too injured to fight recklessly!
You are too injured to fight recklessly!
You are too injured to fight recklessly!
A red film seems to cover your vision as you go berserk!
You feel yourself moving faster!
You feel mighty!
The cerulean imp hits you but does no damage.
Fasolt's ghost hits you!
* * * LOW HITPOINT WARNING * * *
The lightning spire shoots out a bolt of lightning at you!
The bolt of electricity hits you!!
* * * LOW HITPOINT WARNING * * *
The bolt of electricity hits you!!
You die...

##### ####### ##
#...########.....########.
#......#.:?#..............
#...####.~.#.....#########
#####...## #.~.#.....#
#..##....###.~.#<....#
#..........#.~.#.....###### ##
####.##.......##W##..........###.
#....##..#....5.@.#.....####.#...
.....###.####...[.8.....# #.#.##
##.### #...##.##......#### #.#.#
.....####.....#####......###...#
8...8.# #.#.......#...##..##...##
......###.#.........#...#.##.....
.._.......#........####..........
......#####...........###..#.....
8...8.# #........##....#....##.


You could see a lightning spire (summoned), fasolt's ghost and a cerulean imp
(summoned).

Vanquished Creatures
  Pikel (D:4)
  Maurice (D:8)
  A hornet (D:8)
  2 wyverns
  A steam dragon (D:8)
  2 water moccasins
  An orc warrior (D:7)
  A sky beast (D:7)
  A black bear (D:8)
  2 ogres
  A centaur (D:8)
  3 lemures (D:4)
  3 kobold brigands
  2 bullfrogs
  7 wights (D:8)
  5 killer bees (D:9)
  2 howler monkeys
  3 hounds
  2 gnoll boudas
  3 orc priests
  A sleepcap (D:8)
  Terence (D:2)
  6 iguanas
  8 orc wizards
  Robin (D:4)
  4 adders
  14 gnolls
  A shadow imp (D:6)
  3 white imps
  2 ribbon worms
  A dart slug (D:4)
  21 orcs
  7 bats
  7 endoplasms
  2 giant cockroaches
  12 goblins
  7 hobgoblins
  30 kobolds
  3 quokkas
  6 ball pythons
  3 frilled lizards
  10 rats
194 creatures vanquished.

Notes
Turn   | Place    | Note
-------+----------+-------------------------------------------
     0 | D:1      | nroviw the Minotaur Berserker began the quest for the Orb.
     0 | D:1      | Reached XP level 1. HP: 19/19 MP: 0/0
   153 | D:1      | Reached skill level 4 in Axes
   157 | D:1      | Reached XP level 2. HP: 15/27 MP: 1/1
   799 | D:2      | Found a runed translucent door.
   800 | D:2      | Noticed Crazy Yiuf
   848 | D:2      | Reached ** piety under Trog
   893 | D:2      | Reached XP level 3. HP: 21/33 MP: 2/2
  1045 | D:2      | HP: 1/49 [kobold/+0 whip (5)]
  1203 | D:2      | Noticed Terence
  1209 | D:2      | Killed Terence
  1210 | D:2      | Reached skill level 5 in Axes
  1210 | D:2      | Reached XP level 4. HP: 22/41 MP: 3/3
  1296 | D:2      | Identified the +3 dagger of Instinct {flame, rPois}
  1433 | D:2      | Found a faded altar of an unknown god.
  1817 | D:3      | Found Zin's Purification Station.
  1825 | D:3      | Found a glowing silver altar of Zin.
  2443 | D:3      | Reached XP level 5. HP: 33/47 MP: 4/4
  3008 | D:4      | Noticed a wyvern
  3025 | D:4      | Killed a wyvern
  3026 | D:4      | Reached skill level 5 in Fighting
  3026 | D:4      | Reached skill level 6 in Axes
  3026 | D:4      | Reached XP level 6. HP: 13/56 MP: 5/5
  3283 | D:4      | Noticed Pikel
  3292 | D:4      | Reached skill level 7 in Axes
  3309 | D:4      | Killed Pikel
  3310 | D:4      | Reached skill level 8 in Axes
  3310 | D:4      | Reached XP level 7. HP: 22/64 MP: 6/6
  3471 | D:4      | Reached skill level 9 in Axes
  3482 | D:4      | Reached *** piety under Trog
  3606 | D:4      | Noticed Robin
  3620 | D:4      | Killed Robin
  4110 | D:5      | Entered Level 5 of the Dungeon
  4173 | D:5      | Reached XP level 8. HP: 72/73 MP: 7/7
  4463 | D:5      | Reached skill level 1 in Evocations
  4684 | D:5      | Found a hide-covered altar of Uskayaw.
  4684 | D:5      | Found a shimmering blue altar of Sif Muna.
  4684 | D:5      | Found a sparkling altar of Nemelex Xobeh.
  4685 | D:5      | Found a snail-covered altar of Cheibriados.
  4780 | D:5      | Found a burning altar of Makhleb.
  5194 | D:5      | Reached skill level 10 in Axes
  5657 | D:6      | Found a transporter.
  5657 | D:6      | Noticed Klask's ghost (novice MiBe)
  5661 | D:6      | Found a transporter.
  5661 | D:6      | Identified the +6 dire flail of Berrese {venom, Str-4 Int+6
                  | Dex+3}
  5661 | D:6      | Noticed a two-headed ogre
  5759 | D:6      | Reached **** piety under Trog
  5882 | D:6      | Found an ornate altar of the Wu Jian Council.
  6435 | D:7      | Found a radiant altar of Vehumet.
  6600 | D:7      | Reached skill level 11 in Axes
  6928 | D:7      | Reached XP level 9. HP: 73/82 MP: 8/8
  7042 | D:7      | Found a staircase to the Ecumenical Temple.
  7346 | D:8      | Found a broken altar of Ashenzari.
  7469 | D:8      | Noticed Maurice
  7472 | D:8      | Maurice stole a +0 flail of draining
  7484 | D:8      | Maurice stole a ring of flight
  7486 | D:8      | Killed Maurice
  7487 | D:8      | Reached skill level 12 in Axes
  7582 | D:8      | Found a staircase to the Lair.
  7587 | D:8      | Reached ***** piety under Trog
  7819 | D:8      | Found a shadowy altar of Dithmenos.
  7867 | D:8      | Found a glowing golden altar of the Shining One.
  8040 | D:8      | Found a stormy altar of Qazlal.
  8117 | D:8      | Paralysed by a hornet for 3 turns
  8304 | D:8      | Reached skill level 13 in Axes
  8604 | D:9      | Found a runed translucent door.
  8684 | D:9      | Reached skill level 5 in Evocations
  8684 | D:9      | Reached XP level 10. HP: 81/93 MP: 9/9
  8690 | D:9      | Identified the +4 war axe of Calamity {drain, rC+ Will+++
                  | Int+4}
  8761 | D:9      | Identified the +5 whip of Pride {freeze, *Rage rElec rPois
                  | Int+3}
  8832 | D:9      | Found an ancient bone altar of Kikubaaqudgha.
  8832 | D:9      | Found a hazy altar of Hepliaklqana.
  9019 | D:9      | Found an iron altar of Okawaru.
  9104 | D:9      | Found an opulent altar of Gozag.
  9157 | D:9      | Noticed fasolt's ghost (novice FeSu)
  9200 | D:9      | Noticed a lightning spire
  9204 | D:9      | HP: 4/139 [lightning spire/bolt of electricity[fasolt's
                  | ghost] (28)]
  9204 | D:9      | Killed from afar by a lightning spire

Illustrated notes

Levels and vault maps discovered:
D:1:      tarquinn_simple_flora_water_f, layout_basic
D:2:      layout_basic, shapermc_ecumenical_altar_mp_vishouse, kennysheep_nub,
          uniq_terence, uniq_crazy_yiuf_cottage
D:3:      layout_loops_ring, zin_purify, serial_forest, infiniplex_forest_end_2,
          infiniplex_forest_lined_room_2, infiniplex_forest_corner_2,
          infiniplex_forest_clump_medium, infiniplex_forest_lined_2,
          infiniplex_forest_lined_corner, infiniplex_forest_straight_3
D:4:      layout_loops_corners, serial_park_tiny_1, nrook_uturn, uniq_robin,
          uniq_pikel
D:5:      layout_basic, lemuel_round_altar,
          chequers_temple_overflow_statue_of_worship, serial_rivers,
          chequers_serial_rivers_small_3, chequers_serial_rivers_large_b,
          chequers_serial_rivers_micro_c, chequers_serial_rivers_room_a
D:6:      layout_basic, old_standard_altar, gammafunk_ghost_smash
D:7:      layout_basic, mainiacjoe_overflow_alcove_2,
          minmay_temple_entry_proselytizer
D:8:      minmay_evil_eye, layout_loops_ring, grunt_dithmenos_smoke_and_mirrors,
          ashenzari_altar_1, grunt_qazlal_clouds, tso_altar, lair_entry_dummy,
          uniq_maurice
D:9:      layout_rooms, grunt_gozag_statues, lemuel_doored_altar,
          nicolae_overflow_two_pavilions, ebering_ghost_reflecting_pool,
          serial_library_hellmonk_double_dead_end

Skill      XL: |  1  2  3  4  5  6  7  8  9 |
---------------+----------------------------+-----
Axes           | 4 5 6 8 9 11 13 | 13.3
Fighting       | 4 5 6 7 8 9 |  9.9
Dodging        | 3 |  3.0
Evocations     | 3 5 |  5.0
Armour         | |  2.6

Action                     |  1- 3 |  4- 6 |  7- 9 | 10-12 || total
---------------------------+-------+-------+-------+-------++-------
  Melee: Hand axe          |    86 |   105 |   233 |       ||   424
         Headbutt          |    15 |    16 |    59 |       ||    90
         Punch             |       |     2 |     4 |       ||     6
         War axe           |       |       |    93 |    18 ||   111
 Invoke: Berserk           |     1 |     2 |     3 |     1 ||     7
         Trog's Hand       |       |     1 |     2 |       ||     3
   Stab: Sleeping          |     1 |     1 |       |       ||     2
 Armour: Animal skin       |    48 |     3 |       |       ||    51
         Plate armour      |       |    95 |   251 |    18 ||   364
  Dodge: Dodged            |    67 |    34 |    85 |    10 ||   196
  Block: Other             |       |       |    40 |     6 ||    46
         Reflection        |       |       |     1 |     2 ||     3
